 Dungeon Crawl Stone Soup version 0.30-a0-360-g447f08457e (webtiles) character file.

Game seed: 9447808285035518325

37 lesbiats the Shield-Bearer (level 3, 36/36 HPs)
             Began as a Troll Fighter on Nov 14, 2022.
             Quit the game on level 2 of the Dungeon.
             The game lasted 00:02:35 (761 turns).

lesbiats the Shield-Bearer (Troll Fighter)           Turns: 761, Time: 00:02:35

Health: 36/36      AC:  4    Str: 26    XL:     3   Next: 23%
Magic:  2/2        EV:  8    Int:  4    God:
Gold:   94         SH:  7    Dex:  9    Spells: 2/2 levels left

rFire   . . .      SeeInvis .      - Unarmed
rCold   . . .      Faith    .    b - +0 kite shield
rNeg    . . .      Spirit   .    a - +0 robe
rPois   .          Reflect  .    (helmet restricted)
rElec   .          Harm     .    (no cloak)
rCorr   .          Rampage  .    (gloves unavailable)
Will    .....                    (boots unavailable)
Stlth   +.........               (no amulet)
HPRegen 1.06/turn                (no ring)
MPRegen 0.08/turn                (no ring)

@: no status effects
A: large, unfitting armour, claws 3, regeneration 1, shaggy fur 1, tough skin 1
a: no special abilities


You were on level 2 of the Dungeon.
You visited 1 branch of the dungeon, and saw 2 of its levels.

You collected 94 gold pieces.

Inventory:

Missiles
 g - 6 large rocks (quivered)
Armour
 a - a +0 robe (worn)
 b - a +0 kite shield (worn)
Scrolls
 d - a scroll of identify {unknown}
 k - a scroll of blinking {unknown}
Potions
 c - a potion of might
 e - a potion of flight {unknown}
 f - a potion of curing {unknown}
 h - a potion of degeneration {unknown}
 i - a potion of haste {unknown}
 j - a potion of brilliance {unknown}


   Skills:
 + Level 2.7 Fighting
 - Level 2.4 Dodging
 + Level 3.0 Shields
 * Level 3.0 Unarmed Combat


You had 2 spell levels left.
You didn't know any spells.
Your spell library contained the following spells:

 Spells                   Type           Power      Damage    Failure   Level
 Stone Arrow              Conj/Erth      0%         3d7       99%         3
 Animate Armour           Summ/Erth      0%         N/A       100%        4
 Lehudib's Crystal Spear  Conj/Erth      0%         10d2      100%        8


Dungeon Overview and Level Annotations

Branches:
Dungeon (2/15)

Altars:


Innate Abilities, Weirdness & Mutations

You are too large for most types of armour.
You have claws for hands.
Your natural rate of healing is unusually fast.
You are covered in fur. (AC +1)
You have tough skin. (AC +1)


Message History

You now have 94 gold pieces (gained 6).
j - a fizzy pink potion
Found an escape hatch in the ceiling.
Found a whip.
You see here a +0 whip.
k - a scroll labelled CAIFEA PYPNOPP A ball python comes into view.
The ball python hisses angrily.
No target in view!
No target in view!
No target in view!
No target in view! 2 ball pythons come into view.
The ball python hisses angrily.
An adder comes into view.
Found a scroll labelled DARAAS LOESH.
You closely miss the ball python.
The adder hisses angrily.
The ball python bites you but does no damage.
The ball python barely misses you.
You claw the adder!
You kill the adder!
You have reached level 3!
Your experience leads to an increase in your attributes!
Increase (S)trength, (I)ntelligence, or (D)exterity?
You feel stronger. x3
The ball python attacks as you move away!
You block the ball python's attack.
You scratch the ball python.
The ball python is heavily wounded.
You scratch the ball python.
You kill the ball python!
The ball python bites you.
Your Unarmed Combat skill increases to level 3!
You scratch the ball python.
You kill the ball python!
No target in view!
No target in view!
Unknown command.
Are you sure you want to abandon this character and quit the game? (Confirm with "yes".)

#..#.###..#
#.##.####.<#
##.##..# #.#
#..###.# .#
###.## #.#
.# ##...#
#.# #..###
#.# ##.##
#.# #@†# #.#
#†## #.#
#.....†# #.#
#....#.. #.#
##...##..
#..# ###
...# ?.. ..


There were no monsters in sight!

Vanquished Creatures
  2 adders (D:2)
  4 endoplasms
  4 goblins (D:1)
  A quokka (D:1)
  3 ball pythons (D:2)
  2 bats (D:1)
  2 rats (D:1)
18 creatures vanquished.

Notes
Turn   | Place    | Note
-------+----------+-------------------------------------------
     0 | D:1      | lesbiats the Troll Fighter began the quest for the Orb.
     0 | D:1      | Reached XP level 1. HP: 22/22 MP: 0/0
   425 | D:1      | Reached XP level 2. HP: 29/29 MP: 1/1
   757 | D:2      | Reached XP level 3. HP: 36/36 MP: 2/2
   761 | D:2      | Quit the game

Illustrated notes

Levels and vault maps discovered:
D:1:      onia_arrival_mini_maze_b, layout_loops_cross
D:2:      layout_rooms, serial_curves, eino_curves_02, eino_curves_04,
          st_stairs_12

Skill      XL: |  1  2  3 |
---------------+----------+-----
Shields        | 3 |  3.0
Unarmed Combat | 3 |  3.0
Fighting       | |  2.7
Dodging        | |  2.4

Action                   || total
-------------------------++-------
Melee: Unarmed           ||    59
 Stab: Sleeping          ||     1
Armor: Robe              ||    17
Dodge: Dodged            ||    19
Block: Kite shield       ||    18

Table legend: (Time is in decaauts)
 A = Elapsed time spent in this place.
 B = Non-inter-level travel time spent in this place.
 C = Inter-level travel time spent in this place.
 D = Time resting spent in this place.
 E = Time spent auto-exploring this place.
 F = Levels seen in this place.
 G = Mean time per level.
                   A        B        C        D        E       F      G
               +--------+--------+--------+--------+--------+-----+--------+
         Total |    766 |    751 |     15 |      8 |    587 |   2 |  383.0 |
       Dungeon |    766 |    751 |     15 |      8 |    587 |   2 |  383.0 |
               +--------+--------+--------+--------+--------+-----+--------+

Top non-repeatable levels by time:
     D:1: 670 daAuts
     D:2: 95 daAuts
